 Dungeon Crawl Stone Soup version 0.29-a0-297-g7659ce593d (webtiles) character file.

Game seed: 10086486565711702030

2 Ajdolov the Vexing (level 1, 0/13 HPs)
             Began as a Gnoll Wanderer on Mar 20, 2022.
             Slain by a quokka (2 damage)
             ... on level 1 of the Dungeon.
             The game lasted 00:00:25 (354 turns).

Ajdolov the Vexing (Gnoll Wanderer)                  Turns: 354, Time: 00:00:25

Health: 0/13       AC:  3    Str: 16    XL:     1   Next: 40%
Magic:  4/4        EV: 11    Int:  8    God:
Gold:   26         SH:  0    Dex:  9    Spells: 4/5 levels left

rFire   . . .      SeeInvis .   a - +0 hand axe
rCold   . . .      Faith    .   (no shield)
rNeg    . . .      Spirit   .   d - +0 leather armour
rPois   .          Reflect  .   (no helmet)
rElec   .          Harm     .   (no cloak)
rCorr   .          Rampage  .   (no gloves)
Will    .....                   (no boots)
Stlth   +.........              (no amulet)
HPRegen 0.04/turn               (no ring)
MPRegen 0.09/turn               (no ring)

@: no status effects
A: fangs 1, strong nose, distributed training
a: no special abilities


You were on level 1 of the Dungeon.
You visited 1 branch of the dungeon, and saw 1 of its levels.

You collected 26 gold pieces.

Inventory:

Hand Weapons
 a - a +0 hand axe (weapon)
Armour
 d - a +0 leather armour (worn)
Scrolls
 c - a scroll of fear
Miscellaneous
 b - a piece from Xom's chessboard (14/15)


   Skills:
 + Level 0.0 Fighting
 + Level 0.0 Short Blades
 + Level 0.0 Long Blades
 + Level 4.4 Axes
 + Level 0.0 Maces & Flails
 + Level 0.0 Polearms
 + Level 0.0 Staves
 + Level 0.0 Slings
 + Level 0.0 Bows
 + Level 0.0 Crossbows
 + Level 0.0 Throwing
 + Level 2.3 Armour
 + Level 0.0 Dodging
 + Level 0.0 Stealth
 + Level 0.0 Shields
 + Level 0.0 Unarmed Combat
 + Level 2.6 Spellcasting
 + Level 0.0 Conjurations
 + Level 7.0 Hexes
 + Level 0.0 Summonings
 + Level 0.0 Necromancy
 + Level 0.0 Translocations
 + Level 0.0 Transmutations
 + Level 0.0 Fire Magic
 + Level 0.0 Ice Magic
 + Level 0.0 Air Magic
 + Level 0.0 Earth Magic
 + Level 0.0 Poison Magic
 + Level 0.1 Invocations
 + Level 4.4 Evocations


You had 4 spell levels left.
You knew the following spells:

 Your Spells              Type           Power      Damage    Failure   Level
a - Slow                  Hex            48%        N/A       2%          1

Your spell library contained the following spells:

 Spells                   Type           Power      Damage    Failure   Level
 Cause Fear               Hex            6%         N/A       22%         4
 Fulminant Prism          Conj/Hex       3%         3d6       67%         4


Dungeon Overview and Level Annotations

Branches:
Dungeon (1/15)

Altars:


Innate Abilities, Weirdness & Mutations

You have very sharp teeth.
Your uncanny sense of smell can sniff out nearby items.
Your experience applies equally to all skills.


Message History

You are too injured to fight recklessly!
You are too injured to fight recklessly!
You are too injured to fight recklessly!
You are too injured to fight recklessly!
You closely miss the hobgoblin.
The hobgoblin is almost dead.
The hobgoblin barely misses you.
You hit the hobgoblin.
You kill the hobgoblin!
Unknown command.
HP restored.
You now have 26 gold pieces (gained 13).
A bat comes into view.
The bat moves out of view.
A bat is nearby!
You slash the bat!
You kill the bat!
You open the door.
There is an open door here.
You open the door.
There is an open door here.
There is an open door here.
There is an open door here.
A quokka comes into view.
The quokka moves out of view.
That's the wrong kind of item! (Use * to select it.) Evoke which item? (* to show all) (? for menu, Esc to quit)
Okay, then.
You make a move on Xom's chessboard...
The quokka flickers and vanishes!
Deactivating autopickup; reactivate with Ctrl-A.
Something bites you but does no damage. x2
Unknown command.
Unknown command.
Something bites you. Something bites you.
You closely miss something. Something bites you.
* * * LOW HITPOINT WARNING * * *
You barely miss something. Something bites you but does no damage.
You miss something. Your bite misses something. Something bites you.
You die...

.. ..... #####.#### #####.
≈..[... ##.## #. .≈......
#...# #. .#......### #.#.#
##+ ....# #...# ##.. #
#...# #.#### ##...
#.#.##... #.##.## ##....
......#.####.#...####.....
........{@..........'.....
....#.##.###.#...####.....
# # #.# #.##..# ##.... #.#
#.##..# ##... #.# #.....#
##.. #.######..# ##+
#.........# #. ########.##
#. #.#########.


There were no monsters in sight!

Vanquished Creatures
  A bat (D:1)
  A hobgoblin (D:1)
2 creatures vanquished.

Notes
Turn   | Place    | Note
-------+----------+-------------------------------------------
     0 | D:1      | Ajdolov the Gnoll Wanderer began the quest for the Orb.
     0 | D:1      | Ajdolov set off with the following items: a +0 hand axe, a
                  | piece from Xom's chessboard (15/15), a scroll of fear, a +0
                  | leather armour; and the following spell memorised: Slow;
                  | and the following spells available to memorise: Cause Fear,
                  | Fulminant Prism
     0 | D:1      | Reached XP level 1. HP: 13/13 MP: 4/4
   354 | D:1      | Slain by a quokka

Illustrated notes

Levels and vault maps discovered:
D:1:      dpeg_arrival_rooms_with_view, layout_loops_corners

Action                   || total
-------------------------++-------
Melee: Hand axe          ||    13
       Bite              ||     2
Evoke: Piece from Xom's  ||     1
Armor: Leather armour    ||     4
Dodge: Dodged            ||     4

Table legend: (Time is in decaauts)
 A = Elapsed time spent in this place.
 B = Non-inter-level travel time spent in this place.
 C = Inter-level travel time spent in this place.
 D = Time resting spent in this place.
 E = Time spent auto-exploring this place.
 F = Levels seen in this place.
 G = Mean time per level.
                   A        B        C        D        E       F      G
               +--------+--------+--------+--------+--------+-----+--------+
         Total |    355 |    355 |      0 |      0 |    331 |   1 |  355.0 |
       Dungeon |    355 |    355 |      0 |      0 |    331 |   1 |  355.0 |
               +--------+--------+--------+--------+--------+-----+--------+

Top non-repeatable levels by time:
     D:1: 355 daAuts
